 Dungeon Crawl Stone Soup version 0.21-a0-421-gfc1ce30 (webtiles) character file.

5371 tof the Cleaver (level 10, -22/91 HPs)
             Began as a Minotaur Berserker on Nov 4, 2017.
             Was an Elder of Trog.
             Annihilated by a two-headed ogre
             ... wielding a +0 giant spiked club
              (30 damage)
             ... on level 8 of the Dungeon.
             The game lasted 00:14:28 (6357 turns).

tof the Cleaver (Minotaur Berserker)                Turns: 6357, Time: 00:14:29

Health: -22/91     AC: 13    Str: 24    XL:     10   Next: 39%
Magic:  9/9        EV: 15    Int:  4    God:    Trog [****..]
Gold:   270        SH:  0    Dex: 11    Spells: 9/9 levels left

rFire    . . .     SeeInvis .   A - +2 hand axe (chop)
rCold    + . .     Gourm    .   (no shield)
rNeg     . . .     Faith    .   L - +0 ring mail {rC+}
rPois    +         Spirit   .   (helmet restricted)
rElec    .         Reflect  .   w - +0 cloak
rCorr    .         Harm     .   (no gloves)
MR       .....                  s - +2 pair of boots
Stlth    ++........             (no amulet)
HPRegen  0.25/turn              D - ring of poison resistance
MPRegen  0.11/turn              (no ring)

@: berserk cooldown, slowed, very slow
A: retaliatory headbutt, horns 2, molten scales 1, camouflage 1, blurry vision
1, poison resistance
a: Berserk, Trog's Hand, Brothers in Arms, Burn Spellbooks, Renounce Religion


You were on level 8 of the Dungeon.
You worshipped Trog.
Trog was greatly pleased with you.
You were very hungry.

You visited 1 branch of the dungeon, and saw 8 of its levels.

You collected 270 gold pieces.

Inventory:

Hand Weapons
 a - a +0 hand axe
 A - a +2 hand axe of chopping (weapon)
 F - a +1 antimagic hand axe
Missiles
 f - 7 tomahawks
 y - 3 curare-tipped needles
 N - 8 javelins (quivered)
Armour
 s - a +2 pair of boots (worn)
 w - a +0 cloak (worn)
 L - a +0 ring mail of cold resistance (worn)
Jewellery
 D - a ring of poison resistance (left hand)
Wands
 I - a wand of lightning (8/15)
 M - a wand of polymorph (20/24)
 P - a wand of polymorph (14/24)
 Q - a wand of random effects (12/48)
Scrolls
 g - 3 scrolls of blinking
 i - 3 scrolls of remove curse
 j - 3 scrolls of fog
 l - 3 scrolls of amnesia
 o - 7 scrolls of teleportation
 t - a scroll of magic mapping
 v - a scroll of fear {unknown}
 z - 3 scrolls of recharging {unknown}
 J - a scroll of random uselessness {unknown}
 O - a scroll of noise {unknown}
Potions
 d - 3 potions of lignification {unknown}
 e - 2 potions of cancellation {unknown}
 k - 3 potions of might {unknown}
 m - a potion of degeneration {unknown}
 p - 3 potions of heal wounds {unknown}
 q - 5 potions of flight {unknown}
 x - 4 potions of curing
 B - a potion of ambrosia {unknown}
 C - 2 potions of invisibility {unknown}
 G - a potion of agility {unknown}
 H - 3 potions of brilliance {unknown}
 K - a potion of magic {unknown}
 R - a potion of haste {unknown}
Comestibles
 b - 8 fruits
 c - 2 bread rations
 h - 6 meat rations
 n - 3 royal jellies
 E - 4 chunks of flesh


   Skills:
 + Level 9.1 Fighting
 * Level 12.0 Axes
 + Level 8.7 Armour
 + Level 7.9 Dodging


You had 9 spell levels left.
You didn't know any spells.

Dungeon Overview and Level Annotations

Branches:
Dungeon (8/15)             Temple (0/1) D:7
   Lair: D:8-11

Altars:
Ashenzari
Gozag
Nemelex Xobeh
Uskayaw
Xom
Yredelemnul
The Shining One

Shops:
D:5 %


Innate Abilities, Weirdness & Mutations

You reflexively headbutt those who attack you in melee.
You have a pair of horns on your head.
You are partially covered in molten scales. (AC +2)
Your skin changes colour to match your surroundings (Stealth+).
Scrolls take you a little longer to read.
Your system is resistant to poisons. (rPois)


Message History

* * * LOW HITPOINT WARNING * * *
You slash the two-headed ogre!
The two-headed ogre is severely wounded.
The two-headed ogre barely misses you. You furiously retaliate!
You headbutt the two-headed ogre.
The two-headed ogre hits you with a giant club.
* * * LOW HITPOINT WARNING * * *
You barely miss the two-headed ogre.
The two-headed ogre is severely wounded.
The two-headed ogre hits you with a giant spiked club!
* * * LOW HITPOINT WARNING * * *
The two-headed ogre hits you with a giant club.
* * * LOW HITPOINT WARNING * * *
You hit the two-headed ogre but do no damage.
You headbutt the two-headed ogre.
The two-headed ogre is severely wounded.
You barely miss the two-headed ogre.
The two-headed ogre is severely wounded.
The two-headed ogre hits you with a giant spiked club!!
You die...

..,*,....,,,,,,...........,,,***,
..,,,...#******#........%#,,**∩**
..###..#* #..........,**,,,*
.......# *..........**,,,,,
#.....#* *#...|..[.#****+**
##...#* #.........,,,,,,, .....#
#.........,,,,,,,
.....#############.#,,,,,,,,*****
............)...@O.#,,,,,,,**
###...##############*,,,,,**
≈≈#..## *,,,,,,,* ≈≈#..#
*,,,,,,,* ,≈#..# *,,,,,,,* ≈≈#..#
**,,,,,** ≈≈#### **,,,** ***
*****


You could see a two-headed ogre.

Vanquished Creatures
  A two-headed ogre (D:8)
  Pikel (D:4)
  Grinder (D:5)
  Prince Ribbit (D:5)
  A wyvern (D:8)
  Eustachio (D:6)
  Menkaure (D:7)
  Edmund (D:5)
  Duvessa (D:7)
  5 sky beasts
  3 ice beasts
  An orc warrior (D:6)
  A phantom (D:4)
  3 ogres
  5 bullfrogs
  Dowan (D:7)
  2 scorpions
  4 killer bees (D:8)
  4 wights (D:6)
  8 crimson imps
  2 howler monkeys
  A bullfrog zombie (D:5)
  A quasit (D:5)
  2 jellies
  3 orc priests
  5 orc wizards
  A centaur skeleton (D:6)
  6 hounds
  Crazy Yiuf (D:2)
  Terence (D:2)
  2 iguanas (D:7)
  3 worker ants
  A howler monkey skeleton (D:7)
  9 adders
  2 shadow imps
  2 oozes
  An adder zombie (D:6)
  3 worms
  3 dart slugs
  2 leopard geckos
  14 orcs
  2 ball pythons
  8 bats
  5 giant cockroaches
  8 goblins
  5 hobgoblins
  5 jackals
  5 kobolds
  4 quokkas
  5 frilled lizards
  A jackal skeleton (D:4)
  A quokka zombie (D:6)
  6 rats
166 creatures vanquished.

Vanquished Creatures (others)
  A slave (D:4)
  A bullfrog (D:6)
  A quasit (D:7)
  2 hounds
  5 orcs (D:4)
  A jackal (D:6)
11 creatures vanquished.

Grand Total: 177 creatures vanquished

Notes
Turn   | Place    | Note
-------+----------+-------------------------------------------
     0 | D:1      | tof the Minotaur Berserker began the quest for the Orb.
     0 | D:1      | Reached XP level 1. HP: 19/19 MP: 0/0
   140 | D:1      | Reached XP level 2. HP: 27/27 MP: 1/1
   141 | D:1      | Reached skill level 4 in Axes
   341 | D:1      | Reached XP level 3. HP: 31/33 MP: 2/2
   678 | D:2      | Reached ** piety under Trog
  1109 | D:2      | Found a runed door.
  1236 | D:2      | Found a glowing golden altar of the Shining One.
  1236 | D:2      | Found a sparkling altar of Nemelex Xobeh.
  1333 | D:2      | Noticed Terence
  1342 | D:2      | Killed Terence
  1342 | D:2      | Reached XP level 4. HP: 40/40 MP: 3/3
  1430 | D:2      | Noticed Crazy Yiuf
  1436 | D:2      | Killed Crazy Yiuf
  1436 | D:2      | Reached skill level 5 in Axes
  1680 | D:3      | Found a basalt altar of Yredelemnul.
  1823 | D:3      | Reached XP level 5. HP: 47/47 MP: 4/4
  2694 | D:4      | Reached XP level 6. HP: 55/55 MP: 5/5
  2702 | D:4      | Reached skill level 6 in Axes
  2713 | D:4      | Noticed a slave
  2714 | D:4      | Noticed Pikel
  2714 | D:4      | Noticed a slave
  2714 | D:4      | Noticed a slave
  2715 | D:4      | Noticed a slave
  2735 | D:4      | Killed Pikel
  2735 | D:4      | Reached skill level 5 in Fighting
  2735 | D:4      | Reached skill level 7 in Axes
  2735 | D:4      | Reached skill level 5 in Armour
  2735 | D:4      | Reached XP level 7. HP: 52/62 MP: 6/6
  3120 | D:4      | Reached *** piety under Trog
  3154 | D:4      | Reached skill level 8 in Axes
  3154 | D:4      | Reached XP level 8. HP: 54/70 MP: 2/7
  3516 | D:4      | Reached skill level 5 in Dodging
  3549 | D:5      | Entered Level 5 of the Dungeon
  3839 | D:5      | Found a hide-covered altar of Uskayaw.
  3914 | D:5      | Noticed Prince Ribbit
  3922 | D:5      | Killed Prince Ribbit
  3922 | D:5      | Reached skill level 9 in Axes
  3963 | D:5      | Noticed Grinder
  3975 | D:5      | Killed Grinder
  4008 | D:5      | Noticed Edmund
  4028 | D:5      | Killed Edmund
  4038 | D:5      | Reached XP level 9. HP: 73/79 MP: 2/8
  4053 | D:5      | Gained mutation: Scrolls take you a little longer to read. [mutagenic meat]
  4054 | D:5      | Gained mutation: You are agile. (Dex +2) [mutagenic meat]
  4055 | D:5      | Gained mutation: Your skin changes colour to match your surroundings (Stealth+). [mutagenic meat]
  4056 | D:5      | Gained mutation: You are partially covered in molten scales. (AC +2) [mutagenic meat]
  4057 | D:5      | Gained mutation: You are dopey. (Int -2) [mutagenic meat]
  4071 | D:5      | Found Xyguol's Food Emporium.
  4142 | D:5      | Gained mutation: Armour fits poorly on your strangely shaped body. [mutagenic meat]
  4143 | D:5      | Lost mutation: You are agile. (Dex +2) [mutagenic meat]
  4145 | D:5      | Lost mutation: You are dopey. (Int -2) [mutagenic meat]
  4146 | D:5      | Lost mutation: Armour fits poorly on your strangely shaped body. [mutagenic meat]
  4147 | D:5      | Gained mutation: Your system is resistant to poisons. (rPois) [mutagenic meat]
  4440 | D:6      | Reached skill level 10 in Axes
  4738 | D:6      | Noticed Eustachio
  4783 | D:6      | Killed Eustachio
  4783 | D:6      | Reached **** piety under Trog
  5136 | D:6      | Found a shimmering altar of Xom.
  5345 | D:6      | Reached skill level 11 in Axes
  5526 | D:7      | Found a shattered altar of Ashenzari.
  5669 | D:7      | Noticed Menkaure
  5678 | D:7      | Killed Menkaure
  5686 | D:7      | Reached XP level 10. HP: 88/90 MP: 9/9
  5821 | D:7      | Noticed Duvessa
  5823 | D:7      | Noticed Dowan
  5832 | D:7      | Killed Duvessa
  5839 | D:7      | Killed Dowan
  5882 | D:7      | Found an opulent altar of Gozag.
  6171 | D:7      | Found a staircase to the Ecumenical Temple.
  6262 | D:8      | Got a scorched leather armour
  6273 | D:8      | Identified the +1 leather armour of Filth {rElec rC- MP+9} (You found it on level 8 of the Dungeon)
  6327 | D:8      | Noticed a two-headed ogre
  6344 | D:8      | Killed a two-headed ogre
  6344 | D:8      | Reached skill level 12 in Axes
  6350 | D:8      | Noticed a two-headed ogre
  6357 | D:8      | Annihilated by a two-headed ogre

Vault maps used:
D:1:      nicolae_arrival_somewhat_less_tricky_arrival
D:2:      gammafunk_temple_overflow_wave, first_bread,
          kennysheep_generic_room_13, uniq_terence, uniq_crazy_yiuf_cottage
D:3:      nicolae_overflow_hidden_temple
D:4:      uniq_pikel
D:5:      eat_drink_and_be_merry_uskayaw, serial_shops, shop, feat_on_display,
          uniq_prince_ribbit1, uniq_edmund, uniq_grinder
D:6:      minmay_misc_feat_five, xom_confusion_cloud, uniq_eustachio
D:7:      nicolae_overflow_crystal_walls, ashenzari_altar_1,
          minmay_temple_entry_poolview, uniq_menkaure, uniq_duvessa
D:8:      hangedman_cross_stitches, kennysheep_little_box,
          gup_ossuary_entry_pyramid

Skill      XL: |  1  2  3  4  5  6  7  8  9 10 |
---------------+-------------------------------+-----
Axes           | 4 5 7 8 9 11 12 | 12.0
Fighting       | 4 5 6 7 8 9 |  9.1
Armour         | 3 4 5 6 8 |  8.7
Dodging        | 3 4 6 7 |  7.9

Action                   |  1- 3 |  4- 6 |  7- 9 | 10-12 || total
-------------------------+-------+-------+-------+-------++-------
Melee: Hand axe          |    89 |    87 |   302 |    64 ||   542
       Headbutt          |    15 |    13 |    71 |    17 ||   116
Throw: Javelin           |       |       |    26 |       ||    26
       Tomahawk          |       |       |     1 |       ||     1
Invok: Berserk           |       |       |     2 |     1 ||     3
       Trog's Hand       |       |       |     2 |       ||     2
  Use: Scroll            |       |       |     1 |     7 ||     8
 Stab: Sleeping          |       |       |       |     1 ||     1
  Eat: Chunk             |     1 |     4 |    16 |     2 ||    23
       Bread ration      |       |       |     2 |       ||     2
Armor: Plate armour      |    55 |    38 |    99 |       ||   192
       Ring mail         |       |       |    54 |    19 ||    73
Dodge: Dodged            |    45 |    33 |   161 |    57 ||   296

Table legend:
 A = Spawn XP
 B = Non-spawn XP
 C = Spawn XP percentage of total XP
 D = Spawn monster count
 E = Non-spawn monster count
 F = Spawn count percentage of total count
 G = Total turns spent on level
                    A         B        C        D         E        F      G
               +---------+---------+-------+---------+---------+-------+---------
         Total |       0 |    7674 |   0.0 |       0 |     167 |   0.0 |  6357
               +---------+---------+-------+---------+---------+-------+---------
           D:1 |       0 |      42 |   0.0 |       0 |      25 |   0.0 |   632
           D:2 |       0 |     111 |   0.0 |       0 |      20 |   0.0 |   905
           D:3 |       0 |     153 |   0.0 |       0 |      18 |   0.0 |  1069
           D:4 |       0 |    1201 |   0.0 |       0 |      19 |   0.0 |   943
           D:5 |       0 |    1706 |   0.0 |       0 |      29 |   0.0 |   860
           D:6 |       0 |    1682 |   0.0 |       0 |      26 |   0.0 |  1039
           D:7 |       0 |    1297 |   0.0 |       0 |      21 |   0.0 |   745
           D:8 |       0 |    1482 |   0.0 |       0 |       9 |   0.0 |   164
               +---------+---------+-------+---------+---------+-------+---------
